 Dungeon Crawl Stone Soup version 0.29.1-1-gd02db6906a (webtiles) character file.

Game seed: 15763684182684221008

109 tizbic2 the Shield-Bearer (level 4, 0/35 HPs)
             Began as a Demonspawn Fighter on Oct 18, 2022.
             Slain by an iguana (7 damage)
             ... on level 3 of the Dungeon.
             The game lasted 00:12:27 (3215 turns).

tizbic2 the Shield-Bearer (Demonspawn Fighter)      Turns: 3215, Time: 00:12:28

Health: 0/35       AC:  6    Str: 16    XL:     4   Next: 60%
Magic:  4/4        EV:  8    Int: 10    God:
Gold:   135        SH:  5    Dex: 14    Spells: 2/4 levels left

rFire   . . .      SeeInvis .   a - +0 long sword
rCold   . . .      Faith    .   c - +0 buckler
rNeg    . . .      Spirit   .   b - +0 scale mail
rPois   .          Reflect  .   (no helmet)
rElec   .          Harm     .   (no cloak)
rCorr   .          Rampage  .   (no gloves)
Will    .....                   (no boots)
Stlth   ..........              (no amulet)
HPRegen 0.11/turn               (no ring)
MPRegen 0.09/turn               (no ring)

@: no status effects
A: ignite blood 2
a: no special abilities


You were on level 3 of the Dungeon.
You visited 1 branch of the dungeon, and saw 4 of its levels.

You collected 135 gold pieces.

Inventory:

Hand Weapons
 a - a +0 long sword (weapon)
 p - a +0 rapier
Missiles
 k - a boomerang (quivered)
 t - 6 stones
Armour
 b - a +0 scale mail (worn)
 c - a +0 buckler (worn)
 g - a +0 ring mail
Scrolls
 e - a scroll of vulnerability
 n - a scroll of blinking {unknown}
 o - 2 scrolls of identify {unknown}
 r - 2 scrolls of poison {unknown}
 s - a scroll of noise {unknown}
 u - a scroll of magic mapping {unknown}
Potions
 d - 2 potions of might
 f - a potion of ambrosia {unknown}
 i - a potion of berserk rage {unknown}
 j - 2 potions of brilliance {unknown}
 l - a potion of attraction {unknown}
 m - 2 potions of curing {unknown}
 q - a potion of lignification {unknown}


   Skills:
 + Level 3.3 Fighting
 * Level 2.7 Long Blades
 - Level 0.8 Throwing
 - Level 2.6 Armour
 * Level 3.4 Shields
 + Level 0.5 Spellcasting
 * Level 0.0 Summonings
 - Level 1.1 Air Magic
 + Level 0.7 Poison Magic


You had 2 spell levels left.
You knew the following spells:

 Your Spells              Type           Power      Damage    Failure   Level
a - Poisonous Vapours     Pois/Air       4%         N/A       87%         2

Your spell library contained the following spells:

 Spells                   Type           Power      Damage    Failure   Level
 Beastly Appendage        Tmut           0%         N/A       86%         1
 Wereblood                Tmut           0%         N/A       95%         2
 Call Canine Familiar     Summ           0%         N/A       99%         3
 Portal Projectile        Hex/Tloc       0%         N/A       99%         3
 Spider Form              Tmut/Pois      1%         N/A       99%         3
 Corpse Rot               Necr/Pois/Air  1%         N/A       100%        4
 Leda's Liquefaction      Hex/Erth       0%         N/A       100%        4


Dungeon Overview and Level Annotations

Branches:
Dungeon (4/15)
 Temple: D:4-7

Altars:
Xom

Shops:
D:4 *


Innate Abilities, Weirdness & Mutations

Your demonic aura often causes spilled blood to erupt in flames.


Message History

The hobgoblin hits you but does no damage.
You hit the hobgoblin.
The hobgoblin is severely wounded.
A gnoll comes into view. It is wielding a +0 halberd.
You block the gnoll's attack. The hobgoblin hits you.
The hobgoblin closely misses you.
You closely miss the hobgoblin.
The hobgoblin is severely wounded.
The hobgoblin hits you but does no damage.
You hit the hobgoblin.
You kill the hobgoblin!
As you read the scroll labelled RUZXOHO GEISK, it crumbles to dust.
Your body is wracked with pain!
The gnoll convulses!
It was a scroll of torment.
An iguana comes into view.
Found a spear.
Found a tubular silver ring.
The iguana hisses menacingly.
There is a stone staircase leading up here.
The iguana bites you.
You climb upwards.
There is a stone staircase leading down here.
You closely miss the iguana. The iguana bites you. The iguana bites you!
* * * LOW HITPOINT WARNING * * *
Throw: 6 stones
Press: ? - help, Q - select action, (/) - cycle Shift-Dir - straight line, f - iguana
Aim: an iguana (63% to hit)
Okay, then.
Throw: boomerang
Press: ? - help, Q - select action, (/) - cycle Shift-Dir - straight line, f - iguana
Aim: an iguana (63% to hit)
You throw a boomerang.
The boomerang hits the iguana but does no damage.
You slash the iguana!
The iguana is severely wounded.
You block the iguana's attack.
You closely miss the iguana.
The iguana is heavily wounded.
The iguana bites you!
You die...

##...###..........
##### ########...
##.. ###. ######...
########........
####........#####.#
#......#########..#
#.@l°..####......##
#..☼..<.....####...
#......###### #...
#......# #...
######## ####


You could see an iguana.

Vanquished Creatures
  Terence (D:3)
  An adder (D:3)
  3 worms
  A dart slug (D:3)
  2 orcs (D:3)
  8 endoplasms
  A giant cockroach (D:3)
  A goblin (D:2)
  9 hobgoblins
  5 jackals (D:2)
  9 kobolds
  2 quokkas (D:1)
  4 ball pythons
  5 bats
  5 frilled lizards
  3 rats
60 creatures vanquished.

Notes
Turn   | Place    | Note
-------+----------+-------------------------------------------
     0 | D:1      | tizbic2 the Demonspawn Fighter began the quest for the Orb.
     0 | D:1      | Reached XP level 1. HP: 18/18 MP: 1/1
   541 | D:1      | Gained mutation: Your demonic aura sometimes causes spilled
                  | blood to erupt in flames. [demonic ancestry]
   541 | D:1      | Reached XP level 2. HP: 24/24 MP: 2/2
   980 | D:1      | Learned a level 2 spell: Poisonous Vapours
  1233 | D:2      | Reached XP level 3. HP: 29/29 MP: 3/3
  2395 | D:3      | Found a shimmering altar of Xom.
  2404 | D:3      | Gained mutation: Your demonic aura often causes spilled
                  | blood to erupt in flames. [demonic ancestry]
  2404 | D:3      | Reached XP level 4. HP: 29/35 MP: 4/4
  2802 | D:3      | Noticed Terence
  2814 | D:3      | Killed Terence
  2815 | D:3      | Reached skill level 1 in Air Magic
  2972 | D:4      | Found Nerurec's General Store.
  3215 | D:3      | Slain by an iguana

Illustrated notes

Levels and vault maps discovered:
D:1:      dpeg_arrival_castle, layout_basic
D:2:      layout_rooms, serial_co_window_serial, co_window_paths_a,
          co_window_paths_a, co_window_cross_1, co_window_paths_a,
          co_window_corner_a, co_window_cross_2, co_window_2corner,
          co_window_of_opportunity_b, co_window_cross_3,
          co_window_unsneaky_path_b, co_window_corner_ca, co_window_cross_3,
          co_window_4corner_a, co_window_paths_d, glass_columns_a,
          glass_columns_c
D:3:      layout_rooms, mainiacjoe_overflow_tiny_flanked, uniq_terence
D:4:      layout_loops_ring, lemuel_coloured_pillars_altar,
          minmay_temple_entry_ruins, serial_shops, nicolae_shop_trees,
          minmay_misc_feat_encased

Skill      XL: |  1  2  3  4 |
---------------+-------------+-----
Long Blades    | 2 |  2.7
Shields        | 3 |  3.4
Air Magic      | 1 |  1.1
Fighting       | |  3.3
Throwing       | |  0.8
Armour         | |  2.6
Spellcasting   | |  0.5
Poison Magic   | |  0.7

Action                   |  1- 3 |  4- 6 || total
-------------------------+-------+-------++-------
Melee: Long sword        |   148 |    50 ||   198
Throw: Stone             |    17 |    15 ||    32
       Boomerang         |    28 |     7 ||    35
  Use: Potion            |     1 |       ||     1
       Scroll            |       |     2 ||     2
Armor: Scale mail        |    72 |    14 ||    86
Dodge: Dodged            |    55 |    11 ||    66
Block: Buckler           |    31 |    10 ||    41
